 Dungeon Crawl Stone Soup version 0.24.0-7-gb3623d2c88 (webtiles) character file.

Game seed: 10204681707924734253, levelgen mode: deterministic

12382 LostNumber the Fighter (level 11, -5/72 HPs)
             Began as an Octopode Hunter on Nov 2, 2019.
             Was a High Priest of Ru.
             Slain by a seven-headed hydra (17 damage)
             ... on level 1 of the Lair of Beasts.
             The game lasted 00:51:11 (13926 turns).

LostNumber the Fighter (Octopode Hunter)           Turns: 13926, Time: 00:51:11

Health: -5/72      AC:  1    Str: 17    XL:     11   Next: 92%
Magic:  6/11       EV: 23    Int: 14    God:    Ru [*****.]
Gold:   649        SH: 17    Dex: 14    Spells: 10/10 levels left

rFire    + . .     SeeInvis .   v - +4 spear
rCold    . . .     Gourm    .   q - +1 large shield
rNeg     . . .     Faith    .   (helmet restricted)
rPois    +         Spirit   .   m - amulet of magic regeneration
rElec    .         Reflect  .   j - +2 ring of evasion
rCorr    .         Harm     .   i - ring of protection from fire
MR       ++...                  o - ring of poison resistance
Stlth    ++++++....             p - +4 ring of strength
HPRegen  0.22/turn              z - +5 ring of evasion
MPRegen  0.37/turn              C - ring of stealth
                                l - ring of protection from magic
                                J - +2 ring of evasion

@: exhausted, drained
A: almost no armour, stealthy swim, amphibious, 8 rings, constrict 8, tentacle
spike 1, camouflage 1, frail 1, magic resistance 1, wild magic 1, gelatinous
body 1, inability to use devices, inexperienced 1, missing an eye
a: Draw Out Power, Power Leap, Apocalypse, Renounce Religion


You were on level 1 of the Lair of Beasts.
You worshipped Ru.
Ru was extremely pleased with you.
You were hungry.

You visited 2 branches of the dungeon, and saw 12 of its levels.
You also visited: Bailey.

You collected 649 gold pieces.

Inventory:

Hand Weapons
 a - a +1 shortbow
 b - a +0 short sword
 v - a +4 spear (weapon)
   (You found it on level 11 of the Dungeon)
 w - a +1 vampiric dagger {!w}
   (You took it off an orc on level 3 of the Dungeon)
 G - a +1 flail of crushing
   (You took it off Edmund on level 5 of the Dungeon)
 I - a +2 short sword of venom
   (You took it off an orc priest on level 8 of the Dungeon)
Missiles
 d - 247 arrows
 B - 2 throwing nets {!f}
 E - 4 curare-tipped darts (quivered) {!f}
Armour
 q - a +1 large shield (worn)
   (You found it on level 2 of the Dungeon)
Jewellery
 i - a ring of protection from fire (right tentacle)
   (You found it on level 2 of the Dungeon)
 j - a +2 ring of evasion (left tentacle)
   (You found it on level 2 of the Dungeon)
 l - a ring of protection from magic (on tentacle)
   (You found it on level 10 of the Dungeon)
 m - an amulet of magic regeneration (around mantle)
   (You found it on level 2 of the Dungeon)
 o - a ring of poison resistance (on tentacle)
   (You took it off a kobold on level 2 of the Dungeon)
 p - a +4 ring of strength (on tentacle)
   (You found it on level 2 of the Dungeon)
 z - a +5 ring of evasion (on tentacle)
   (You found it on level 4 of the Dungeon)
 C - a ring of stealth (on tentacle)
   (You found it on level 6 of the Dungeon)
 J - a +2 ring of evasion (on tentacle)
   (You found it on level 10 of the Dungeon)
Scrolls
 c - a scroll of immolation {!r}
 f - 2 scrolls of enchant armour
 g - 2 scrolls of enchant weapon
 n - a scroll of blinking
 r - 4 scrolls of remove curse {@r2}
 x - 2 scrolls of fear
 y - 2 scrolls of amnesia
 A - 3 scrolls of teleportation {@r4}
 K - 2 scrolls of magic mapping
 L - a scroll of identify {@r1}
Potions
 h - 2 potions of ambrosia
 k - 2 potions of heal wounds {@q2}
 s - a potion of lignification {!q}
 t - 4 potions of resistance
 u - a potion of flight
 D - a potion of brilliance
 F - a potion of curing {@q1}
 H - a potion of haste {@q3}
Comestibles
 e - 19 rations {!d}
 M - 5 chunks of flesh


   Skills:
 + Level 10.3(8.9) Fighting
 - Level 6.0(4.8) Short Blades
 * Level 2.5(1.4) Polearms
 - Level 5.2(4.0) Bows
 + Level 8.5(7.2) Dodging
 + Level 8.6(7.3) Stealth
 + Level 9.7(8.4) Shields


You had 10 spell levels left.
You didn't know any spells.
Your spell library contained the following spells:

 Spells                   Type           Power        Failure   Level  Hunger
 Freeze                   Ice            #...         96%         1    ##.....
 Magic Dart               Conj           #...         96%         1    ##.....
 Sandblast                Erth           #.....       96%         1    ##.....
 Passwall                 Tmut/Erth      #.......     99%         2    ###....
 Searing Ray              Conj           #.....       99%         2    ###....
 Throw Frost              Conj/Ice       #.....       99%         2    ###....
 Dazzling Spray           Conj/Hex       #.....       100%        3    ####...
 Ozocubu's Armour         Chrm/Ice       #.......     100%        3    ####...
 Recall                   Summ/Tloc      N/A          100%        3    ####...
 Stone Arrow              Conj/Erth      #.....       100%        3    ####...
 Force Lance              Conj/Tloc      #.......     100%        4    #####..
 Fulminant Prism          Conj/Hex       #.........   100%        4    #####..
 Iskenderun's Mystic Bla  Conj           #.......     100%        4    #####..
 Petrify                  Tmut/Erth      #.......     100%        4    #####..
 Summon Ice Beast         Ice/Summ       #.......     100%        4    #####..
 Throw Icicle             Conj/Ice       #.......     100%        4    #####..
 Aura of Abjuration       Summ           #.........   100%        5    ######.
 Lee's Rapid Deconstruct  Erth           #.........   100%        5    ######.
 Summon Demon             Summ           #.........   100%        5    ######.
 Summon Forest            Summ/Tloc      #.........   100%        5    ######.
 Summon Mana Viper        Hex/Summ       #.......     100%        5    ######.
 Shadow Creatures         Summ           N/A          100%        6    #######


Dungeon Overview and Level Annotations

Branches:
Dungeon (11/15)            Temple (0/1) D:6            Lair (1/6) D:9
    Orc (0/2) D:9          Bailey (visited)

Altars:
Cheibriados
Dithmenos
Elyvilon
Fedhas
Gozag
Kikubaaqudgha
Makhleb
Nemelex Xobeh
Okawaru
Ru
Sif Muna
Vehumet
Wu Jian
Xom

Shops:
D:4 !

Annotations:
D:3 1 runed translucent door, Crazy Yiuf
D:8 4 exclusions
D:10 exclusion: cyclops
Lair:1 exclusion: hydra


Innate Abilities, Weirdness & Mutations

You cannot wear most types of armour.
You are very stealthy in the water. (Stealth+)
You are amphibious.
You can wear up to eight rings at the same time.
You can use your tentacles to constrict eight enemies at once.
Your skin changes colour to match your surroundings (Stealth+).
Your rubbery body absorbs attacks. (AC +1, EV +1)
You cannot study or use magical devices.
You are somewhat inexperienced. (-2 XL)
You are missing an eye, making it more difficult to aim.
One of your tentacles bears a spike.
You are frail. (-10% HP)
You are resistant to hostile enchantments. (MR+)
Your spells are a little harder to cast, but a little more powerful.


Message History

Found a stone staircase leading down.
Found a fustibalus.
A seven-headed hydra comes into view.
A seven-headed hydra is nearby!
You are feeling hungry.
The sentinel's mark upon you fades away.
Unknown command.
You reveal the great annihilating truth to your foes!
The eight-headed hydra slows down under the weight of truth!
The seven-headed hydra slows down under the weight of truth!
You destroy the plant! x7; You destroy the fungus!
You feel drained.
You hear a bellow!
Unknown command.
You don't know any spells.
Unknown command.
Okay, then.
Attack whom?
Aim: an eight-headed hydra (severely wounded, slow)
You reach to attack!
You hit the eight-headed hydra.
Attack whom?
Aim: an eight-headed hydra (severely wounded, slow)
You reach to attack!
Your shield prevents you from hitting the eight-headed hydra.
You hit the eight-headed hydra.
Your squeeze misses the eight-headed hydra.
You block the eight-headed hydra's attack. x2
The eight-headed hydra misses you.
You block the eight-headed hydra's attack.
The eight-headed hydra completely misses you.
The eight-headed hydra bites you!
The eight-headed hydra completely misses you.
The eight-headed hydra bites you.
You hit the eight-headed hydra.
You closely miss the seven-headed hydra.
Your tentacle spike misses the seven-headed hydra.
The eight-headed hydra bites you! x2
* * * LOW HITPOINT WARNING * * *
You block the eight-headed hydra's attack. x2
The eight-headed hydra misses you.
You block the eight-headed hydra's attack.
The eight-headed hydra bites you!
* * * LOW HITPOINT WARNING * * *
The eight-headed hydra bites you.
* * * LOW HITPOINT WARNING * * *
You focus your will and illuminate the eight-headed hydra in retribution!
The seven-headed hydra bites you.
* * * LOW HITPOINT WARNING * * *
The seven-headed hydra bites you!
You die...

#..# ##....## # ##..#####......##
## ......#.........### #.
..##......).......## ##.
..####.P.P.........## ###.. ###
#..............## ##....
.#####...............## ##.....
.#.##...#......D......# ###....##
...#....##.....D@.....###.....##
......D#.####..........#.....####
.......### ##.#.##.........#....
.......### #######.............
.........# ##....#.......
.....P.PP# ##..###......
....PP.PP## ##...#......
....PP..P.# ##.........
....PPP.P## #.........


You could see an eight-headed hydra and a seven-headed hydra.

Vanquished Creatures
  Harold (D:9)
  Sonja (D:10)
  An unseen horror (D:7)
  An orc knight (Bailey)
  Psyche (D:9)
  A centaur skeleton (D:10)
  A spiny frog (Lair:1)
  A rime drake (Lair:1)
  2 trolls
  A hippogriff (Lair:1)
  Sigmund (D:4)
  2 wyverns (D:9)
  A human (D:7)
  2 yaks (D:8)
  A basilisk (D:9)
  4 hogs (D:7)
  Edmund (D:5)
  3 water moccasins (Lair:1)
  2 porcupines (Lair:1)
  A swamp drake (D:9)
  2 sky beasts (D:8)
  2 black bears
  2 necrophages (D:8)
  9 orc warriors
  An ice beast (D:10)
  5 ogres
  2 phantoms (D:4)
  5 wolves (Lair:1)
  4 centaurs
  A crocodile (D:9)
  2 big kobolds
  4 bullfrogs
  A gnoll sergeant (D:5)
  A wyvern zombie (D:9)
  3 wyvern skeletons
  2 scorpions
  8 killer bees
  A vampire bat (D:6)
  3 howler monkeys
  6 crimson imps
  A quasit (D:9)
  2 bullfrog zombies
  2 centaur zombies
  8 orc priests
  2 bullfrog skeletons
  7 hounds
  A gnoll shaman (D:7)
  4 iguanas
  5 orc wizards
  7 worker ants
  Ijyb (D:3)
  2 hound skeletons (D:5)
  3 worker ant zombies
  Robin (D:3)
  13 adders
  13 gnolls
  3 shadow imps
  An adder zombie (D:5)
  3 adder skeletons
  A worm (D:2)
  3 dart slugs (D:2)
  2 leopard geckos
  34 orcs
  A ball python (D:3)
  A giant cockroach (D:2)
  16 goblins
  12 hobgoblins
  5 jackals
  3 quokkas
  20 bats
  8 frilled lizards
  A jackal zombie (D:5)
  15 kobolds
  10 rats
  A fungus (Lair:1)
  7 plants (Lair:1)
312 creatures vanquished.

Vanquished Creatures (others)
  A spiny frog (Lair:1)
  A troll (D:9)
  A crocodile (Lair:1)
  A bullfrog (Lair:1)
  A gnoll shaman (D:7)
  A leopard gecko (D:9)
  A goblin (D:3)
  A jackal (D:4)
  A fungus (Lair:1)
  3 plants
  A withered plant (D:9)
13 creatures vanquished.

Grand Total: 325 creatures vanquished

Notes
Turn   | Place    | Note
-------+----------+-------------------------------------------
     0 | D:1      | LostNumber the Octopode Hunter began the quest for the Orb.
     0 | D:1      | Reached XP level 1. HP: 14/14 MP: 1/1
   158 | D:1      | Reached XP level 2. HP: 19/19 MP: 2/2
   680 | D:2      | Reached XP level 3. HP: 20/25 MP: 3/3
   832 | D:2      | Found a shadowy altar of Dithmenos.
  1062 | D:2      | Reached XP level 4. HP: 7/30 MP: 4/4
  1348 | D:2      | Reached skill level 5 in Bows
  2063 | D:2      | Reached skill level 3 in Fighting
  2080 | D:2      | Reached XP level 5. HP: 36/36 MP: 5/5
  2091 | D:2      | Found a faded altar of an unknown god.
  2125 | D:2      | Became a worshipper of Ru the Awakened
  2130 | D:2      | Gained mutation: You cannot study or use magical devices.
                  | [Ru sacrifice]
  2130 | D:2      | Reached * piety under Ru
  2130 | D:2      | Reached ** piety under Ru
  2243 | D:3      | You fall into a shaft and drop 2 floors!
  2243 | D:5      | Entered Level 5 of the Dungeon
  2276 | D:5      | You fall into a shaft and drop 3 floors!
  2289 | D:8      | Noticed a necrophage
  2448 | D:8      | Reached skill level 1 in Short Blades
  2668 | D:7      | Reached skill level 1 in Shields
  2838 | D:7      | Reached XP level 6. HP: 36/42 MP: 6/6
  3021 | D:7      | Noticed a human
  3021 | D:7      | Noticed a hog
  3021 | D:7      | Noticed a hog
  3021 | D:7      | Noticed a hog
  3022 | D:7      | Noticed a hog
  3270 | D:4      | Noticed Edmund
  3277 | D:4      | Gained mutation: You are frail. (-10% HP) [potion of
                  | mutation]
  3277 | D:4      | Gained mutation: You are resistant to hostile enchantments.
                  | (MR+) [potion of mutation]
  3277 | D:4      | Gained mutation: One of your tentacles bears a spike.
                  | [potion of mutation]
  3277 | D:4      | Gained mutation: Your spells are a little harder to cast,
                  | but a little more powerful. [potion of mutation]
  3438 | D:3      | Noticed Robin
  3631 | D:3      | Found a snail-covered altar of Cheibriados.
  3677 | D:3      | Found a sparkling altar of Nemelex Xobeh.
  3729 | D:3      | Gained mutation: You are somewhat inexperienced. (-2 XL)
                  | [Ru sacrifice]
  3729 | D:3      | Reached XP level 5. HP: 32/32 MP: 5/5
  3729 | D:3      | Reached XP level 4. HP: 28/28 MP: 4/4
  3729 | D:3      | Reached *** piety under Ru
  3729 | D:3      | Reached **** piety under Ru
  4129 | D:3      | Noticed Ijyb
  4137 | D:3      | Killed Ijyb
  4137 | D:3      | Reached XP level 5. HP: 28/33 MP: 5/5
  4146 | D:3      | Found a runed translucent door.
  4147 | D:3      | Noticed Crazy Yiuf
  4284 | D:3      | Killed Robin
  4914 | D:4      | Noticed Sigmund
  5249 | D:4      | Killed Sigmund
  5249 | D:4      | Reached skill level 4 in Fighting
  5249 | D:4      | Reached XP level 6. HP: 38/38 MP: 6/6
  5722 | D:4      | Noticed a phantom
  5729 | D:4      | Killed a phantom
  5729 | D:4      | Reached XP level 7. HP: 36/44 MP: 7/7
  5738 | D:4      | Found Rukudiw's Distillery.
  5870 | D:4      | Reached skill level 5 in Fighting
  6228 | D:6      | Found an iron altar of Okawaru.
  6236 | D:6      | Reached XP level 8. HP: 50/50 MP: 8/8
  6293 | D:6      | Found a shimmering blue altar of Sif Muna.
  6322 | D:6      | Found a radiant altar of Vehumet.
  6322 | D:6      | Found a shimmering altar of Xom.
  6323 | D:6      | Found a white marble altar of Elyvilon.
  6325 | D:6      | Found an opulent altar of Gozag.
  6422 | D:6      | Found an ornate altar of the Wu Jian Council.
  6444 | D:6      | Gained mutation: You are missing an eye, making it more
                  | difficult to aim. [Ru sacrifice]
  6444 | D:6      | Reached ***** piety under Ru
  6535 | D:6      | Reached skill level 6 in Fighting
  6582 | D:6      | Found a staircase to the Ecumenical Temple.
  6735 | D:6      | Reached skill level 5 in Short Blades
  6735 | D:6      | Reached skill level 5 in Shields
  7033 | D:7      | Reached XP level 9. HP: 42/56 MP: 9/9
  7038 | D:7      | Reached skill level 7 in Fighting
  7332 | D:7      | Noticed an unseen horror
  7343 | D:7      | Killed an unseen horror
  7561 | D:7      | Reached skill level 5 in Dodging
  7641 | D:7      | Reached skill level 8 in Fighting
  7832 | D:5      | Killed Edmund
  7935 | D:5      | Reached XP level 10. HP: 64/64 MP: 10/10
  8047 | D:5      | Found a burning altar of Makhleb.
  8932 | D:8      | Found a sacrificial altar of Ru.
  9070 | D:9      | Noticed Harold
  9298 | D:8      | Reached skill level 9 in Fighting
  9501 | D:9      | Found a blossoming altar of Fedhas.
  9502 | D:9      | Found an ancient bone altar of Kikubaaqudgha.
  9972 | D:9      | Found a shimmering altar of Xom.
 10004 | D:9      | Reached skill level 5 in Stealth
 10047 | D:9      | Found a staircase to the Orcish Mines.
 10082 | D:9      | Found Kunob's Jewellery Shoppe.
 10112 | D:10     | Entered Level 10 of the Dungeon
 10304 | D:10     | Noticed a cyclops
 10436 | D:10     | Noticed Sonja
 10444 | D:10     | Killed Sonja
 10444 | D:10     | Reached XP level 11. HP: 72/72 MP: 11/11
 11170 | D:9      | Killed Harold
 11508 | D:9      | Found a staircase to the Lair.
 11515 | D:9      | Noticed Psyche
 11517 | D:9      | Killed Psyche
 11661 | Lair:1   | Entered Level 1 of the Lair of Beasts
 11825 | Lair:1   | Reached skill level 10 in Fighting
 12044 | Lair:1   | Noticed an eight-headed hydra
 12197 | D:11     | Noticed a two-headed ogre
 12220 | D:11     | Found a flagged portal.
 12245 | Bailey   | Entered a bailey
 12360 | Bailey   | Noticed an orc knight
 12406 | Bailey   | Killed an orc knight
 12406 | Bailey   | Reached skill level 1 in Polearms
 12862 | Bailey   | Found the +0 pair of fencer's gloves {Riposte Dex+3}
 13894 | Lair:1   | Noticed a seven-headed hydra
 13926 | Lair:1   | Slain by a seven-headed hydra

Levels and vault maps discovered:
D:1:      roderic_crop_circles_arrival_small, layout_basic
D:2:      layout_loops_ring, nicolae_overflow_crystal_walls,
          chequers_ecumenical_altar_grove
D:3:      layout_basic, chequers_temple_overflow_statue_of_worship,
          chequers_serial_rivers_micro_e, uniq_robin, uniq_crazy_yiuf_cottage,
          uniq_ijyb
D:4:      layout_basic, serial_shops, nicolae_shop_behind_doors, serial_rivers,
          chequers_serial_rivers_large_a, chequers_serial_rivers_small_3,
          chequers_serial_rivers_room_a, chequers_serial_rivers_small_a,
          chequers_serial_rivers_room_a, chequers_serial_rivers_marsh,
          uniq_edmund, uniq_sigmund
D:5:      layout_cave_pools, kennysheep_mini, first_ration
D:6:      layout_rooms, lemuel_doored_altar, old_standard_altar, minitemple,
          minmay_temple_entry_enclosed_plants, basic_altar,
          corexii_checkpoint_a, roderic_batcave
D:7:      layout_basic, palyth_stone_intersect, grunt_livestock
D:8:      layout_cave_pools, nicolae_ru_great_annihilating_truth, centaur_isle
D:9:      layout_rooms, grunt_temple_overflow_growth_and_decay,
          erik_lair_dragon, basic_altar, minmay_shop_enchanted_jewellery,
          uniq_harold, uniq_psyche
D:10:     layout_stronghold, uniq_sonja
D:11:     layout_roguey, enter_bailey_2, david_defended_altar_orc
Lair:1:   layout_cave_pods, serial_forest, infiniplex_forest_straight_4,
          infiniplex_forest_zigzag_1, infiniplex_forest_lined_room_,
          infiniplex_forest_clump_small, infiniplex_forest_clump_diagonal,
          infiniplex_forest_lined_room_

Skill      XL: |  1  2  3  4  5  6  7  8  9 10 11 |
---------------+----------------------------------+-----
Bows           | 5 |  5.2
Fighting       | 3 4 5 6 8 9 10 | 10.3
Dodging        | 3 5 7 8 |  8.5
Short Blades   | 3 4 5 6 |  6.0
Shields        | 2 3 4 5 7 8 9 |  9.7
Stealth        | 6 8 |  8.6
Polearms       | 2 |  2.5

Action                   |  1- 3 |  4- 6 |  7- 9 | 10-12 || total
-------------------------+-------+-------+-------+-------++-------
Melee: Short sword       |    50 |   121 |       |   288 ||   459
       Constrict         |    14 |    38 |    55 |    54 ||   161
       Tentacles         |     7 |    27 |    74 |   104 ||   212
       Kick              |       |    27 |   104 |   162 ||   293
       Dagger            |       |    18 |   273 |    83 ||   374
       Spear             |       |       |       |   185 ||   185
 Fire: Shortbow          |    31 |    62 |       |       ||    93
Invok: Sacrifice Experie |       |     1 |       |       ||     1
       Draw Out Power    |       |     2 |     1 |       ||     3
       Sacrifice Artific |       |     1 |       |       ||     1
       Sacrifice an Eye  |       |       |     1 |       ||     1
       Reject Sacrifices |       |       |       |     1 ||     1
       Apocalypse        |       |       |       |     2 ||     2
  Use: Scroll            |       |     6 |     3 |    11 ||    20
       Potion            |       |     4 |       |       ||     4
 Stab: Sleeping          |     8 |    14 |     5 |    34 ||    61
       Distracted        |       |     1 |     5 |     3 ||     9
       Invisible         |       |       |     1 |     2 ||     3
       Paralysed         |       |       |     1 |     2 ||     3
  Eat: Chunk             |       |    10 |     2 |    19 ||    31
       Ration            |       |     3 |       |       ||     3
Armor: Skin              |     6 |     3 |     3 |       ||    12
Dodge: Dodged            |    41 |    67 |   102 |   224 ||   434
Block: Large shield      |       |    15 |   156 |   378 ||   549
